 Dungeon Crawl Stone Soup version 0.20.0-4-g10b340a (webtiles) character file.

49 rageheart7 the Skirmisher (level 3, 0/30 HPs)
             Began as a Draconian Wanderer on May 27, 2017.
             Slain by an iguana (2 damage)
             ... on level 4 of the Dungeon.
             The game lasted 00:02:37 (1553 turns).

rageheart7 the Skirmisher (Draconian Wanderer)      Turns: 1553, Time: 00:02:38

Health: 0/30       AC:  6    Str: 14    XL:     3   Next: 51%
Magic:  4/4        EV: 12    Int: 12    God:
Gold:   83         SH:  0    Dex: 11    Spells: 4/4 levels left

rFire    . . .     SeeInvis .   a - +2 dagger
rCold    . . .     Gourm    .   (no shield)
rNeg     . . .     Faith    .   (armour unavailable)
rPois    .         Spirit   .   (helmet restricted)
rElec    .         Reflect  .   (no cloak)
rCorr    .         Harm     .   (no gloves)
MR       .....                  k - +0 pair of boots
Stlth    ++........             (no amulet)
Regen    0.1/turn               (no ring)
MPRegen  0.1/turn               (no ring)

@: no status effects
A: unfitting armour, cold-blooded, AC +5
a: no special abilities


You were on level 4 of the Dungeon.
You were not hungry.

You visited 1 branch of the dungeon, and saw 4 of its levels.

You collected 83 gold pieces.

Inventory:

Hand Weapons
 a - a +2 dagger (weapon)
 c - a +0 falchion
Armour
 k - a +0 pair of boots (worn)
Jewellery
 i - a +4 ring of intelligence {unknown}
Scrolls
 b - a scroll of fear
 d - a scroll of teleportation
 e - a scroll of blinking {unknown}
 h - a scroll of fog {unknown}
Potions
 j - a potion of haste {unknown}
Comestibles
 f - 2 bread rations
 m - a meat ration


   Skills:
 * Level 2.8 Fighting
 * Level 2.1 Long Blades
 - Level 1.7 Dodging
 - Level 1.7 Stealth
   Level 1.0 Shields
 - Level 1.0 Spellcasting
   Level 2.0 Translocations
   Level 1.0 Evocations


You had 4 spell levels left.
You didn't know any spells.

Dungeon Overview and Level Annotations

Branches:
Dungeon (4/15)
 Temple: D:4-7

Altars:


Innate Abilities, Weirdness & Mutations

Your plain brown scales are hard. (AC +5)
You cannot fit into any form of body armour.
You are cold-blooded and may be slowed by cold attacks.


Message History

You are too injured to fight recklessly!
You are too injured to fight recklessly!
You are too injured to fight recklessly!
You are too injured to fight recklessly!
You closely miss the iguana.
The iguana is heavily wounded.
The iguana bites you but does no damage.
You hit the iguana.
You tail-slap the iguana, but do no damage.
The iguana is severely wounded.
The iguana bites you.
* * * LOW HITPOINT WARNING * * *
You hit the iguana.
The iguana is severely wounded.
The iguana bites you.
* * * LOW HITPOINT WARNING * * *
You hit the iguana but do no damage.
The iguana is severely wounded.
The iguana bites you.
You die...

...........#...# #...#.#
...#.#.#.....[# ###....
#.#......##..# ##...
###...#.#.###### ####
#.........#
#..>...##################
#........................)
...?...........# #########
.#[#..#.#@#.#..#
.........l.....#
.#....#.#.#.#..#
...#...........#
.###..#.#$#.#..#
.............#
##..#.#.#.#..#
##..........#


You could see an iguana.

Vanquished Creatures
  2 worms (D:2)
  2 dart slugs (D:1)
  A leopard gecko (D:4)
  2 orcs (D:4)
  A giant cockroach (D:2)
  4 goblins (D:1)
  3 hobgoblins
  4 ball pythons
  5 bats
  4 frilled lizards
  5 kobolds (D:1)
  5 rats (D:1)
38 creatures vanquished.

Notes
Turn   | Place    | Note
-------+----------+-------------------------------------------
     0 | D:1      | rageheart7 the Draconian Wanderer began the quest for the Orb.
     0 | D:1      | rageheart7 set off with: a +2 dagger, a scroll of fear, a +0 falchion, a scroll of teleportation, a bread ration
     0 | D:1      | Reached XP level 1. HP: 16/16 MP: 2/2
   128 | D:1      | Reached skill level 1 in Long Blades
   133 | D:1      | Reached XP level 2. HP: 20/23 MP: 3/3
   794 | D:1      | Reached XP level 3. HP: 30/30 MP: 4/4
   999 | D:2      | You fall through a shaft for 2 floors!
  1553 | D:4      | Slain by an iguana

Skill      XL: |  1  2  3 |
---------------+----------+-----
Long Blades    | 1 2 |  2.1
Fighting       | 2 |  2.8
Dodging        | |  1.7
Stealth        | |  1.7
Shields        | |  1.0
Spellcasting   | |  1.0
Translocations | |  2.0
Evocations     | |  1.0

Action                   || total
-------------------------++-------
Melee: Dagger            ||   128
       Tailslap          ||    17
  Use: Potion            ||     2
 Stab: Sleeping          ||     5
  Eat: Chunk             ||     2
Armor: Skin              ||    34
Dodge: Dodged            ||    71
